 Dungeon Crawl Stone Soup version 0.27.0-1-g7a089689b8 (webtiles) character file.

Game seed: 2113712670601151335

724 SkeletonJelly the Skirmisher (level 7, -1/66 HPs)
             Began as a White Draconian Artificer on Aug 8, 2021.
             Was a Plaything of Xom.
             Slain by a wolf spider (glowing shapeshifter) (7 damage)
             ... on level 4 of the Dungeon.
             The game lasted 00:09:41 (4291 turns).

SkeletonJelly the Skirmisher (DrAr)                 Turns: 4291, Time: 00:09:41

Health: -1/66      AC:  7    Str: 19    XL:     7   Next: 43%
Magic:  3/6        EV: 12    Int: 13    God:    Xom [......]
Gold:   152        SH:  0    Dex:  9    Spells: 6/6 levels left

rFire    . . .     SeeInvis .   v - +3 quarterstaff (chaos)
rCold    + + .     Faith    .   (shield currently unavailable)
rNeg     . . .     Spirit   .   (armour unavailable)
rPois    +         Reflect  .   (helmet restricted)
rElec    .         Harm     .   u - +0 cloak
rCorr    .         Rampage  .   (no gloves)
Will     .....                  (no boots)
Stlth    +.........             h - amulet of the acrobat
HPRegen  0.21/turn              j - ring of protection from cold
MPRegen  0.10/turn              (no ring)

@: short of breath
A: breathe frost, AC +6, unfitting armour, cold resistance 1, cold-blooded,
horns 1, clever 1, clumsy 1, low mp 1, poison resistance, strong 1, wild magic
1, evolution 1, MP-powered wands
a: Breathe Frost, Renounce Religion


You were on level 4 of the Dungeon.
You worshipped Xom.
You were a very special plaything of Xom.
You visited 1 branch of the dungeon, and saw 5 of its levels.

You collected 152 gold pieces.

Inventory:

Hand Weapons
 a - a +0 club
 r - a +2 dagger of venom
 v - a +3 quarterstaff of chaos (weapon)
 w - a +2 short sword of venom
 x - a +0 short sword of electrocution
Missiles
 k - 10 poisoned darts
Armour
 u - a +0 cloak (worn)
Jewellery
 h - an amulet of the acrobat (around neck)
 j - a ring of protection from cold (left hand)
Wands
 b - a wand of flame (15)
 c - a wand of charming (8)
 m - a wand of iceblast (2)
 q - a wand of digging (7)
Scrolls
 e - 4 scrolls of enchant armour {unknown}
 g - 4 scrolls of identify {unknown}
 i - 5 scrolls of teleportation {unknown}
 l - 2 scrolls of enchant weapon {unknown}
Potions
 f - 3 potions of might {unknown}
 n - 2 potions of curing {unknown}
 o - a potion of heal wounds {unknown}
 p - a potion of resistance {unknown}
 s - a potion of haste {unknown}
 t - 2 potions of magic {unknown}
Miscellaneous
 d - a piece from Xom's chessboard (8/15)


   Skills:
 - Level 7.5 Fighting
 + Level 4.3 Staves
 - Level 2.1 Dodging
 - Level 0.8 Stealth
 - Level 3.0 Evocations


You had 6 spell levels left.
You didn't know any spells.
Your spell library contained the following spells:

 Spells                   Type           Power      Damage    Failure   Level
 Foxfire                  Conj/Fire      0%         2x1d4     38%         1
 Conjure Flame            Conj/Fire      0%         6-21      75%         3
 Ignite Poison            Fire/Tmut/Pois 0%         N/A       75%         3
 Inner Flame              Hex/Fire       0%         N/A       75%         3
 Mephitic Cloud           Conj/Pois/Air  0%         N/A       75%         3
 Bolt of Magma            Conj/Fire/Erth 0%         4d4       100%        5


Dungeon Overview and Level Annotations

Branches:
Dungeon (5/15)
 Temple: D:4-7

Altars:
Xom


Innate Abilities, Weirdness & Mutations

You can breathe waves of freezing cold which knock back foes.
Your icy white scales are hard. (AC +6)
You cannot fit into any form of body armour.
Your flesh is cold resistant. (rC+)
You are cold-blooded and may be slowed by cold attacks.
You have a pair of small horns on your head.
Your mind is acute. (Int +2)
You are clumsy. (Dex -2)
Your magical capacity is low. (-10% MP)
Your system is resistant to poisons. (rPois)
Your muscles are strong. (Str +2)
Your spells are a little harder to cast, but a little more powerful.
You evolve.
You expend magic power (3 MP) to strengthen your wands.


Message History

The scorpion is almost dead.
The scorpion stings you.
A gnoll comes into view. It is wielding a +0 club.
You barely miss the scorpion.
The scorpion is almost dead.
The scorpion closely misses you. x2
You hit the scorpion. You freeze the scorpion.
Your headbutt misses the scorpion. You tail-slap the scorpion.
You kill the scorpion!
The ufetubus hits you but does no damage.
The ufetubus closely misses you.
The gnoll shaman calls upon its god to speed up something.
A gnoll comes into view. It is wielding a +0 spear.
Your Staves skill increases to level 4!
You hit the ufetubus. Lightning courses through the ufetubus!
You kill the ufetubus!
A gnoll comes into view. It is wielding a +0 vorpal spear.
The gnoll misses you.
You hit the orc. You burn the orc.
Your tail-slap misses the orc.
The orc is almost dead.
The orc barely misses you. The gnoll barely misses you.
A centaur skeleton comes into view.
You closely miss the orc. You headbutt the orc, but do no damage.
The orc is almost dead.
The orc hits you but does no damage.
A gnoll comes into view. It is wielding a +0 flail.
The orc hits you but does no damage.
An orc comes into view. It is wielding a +0 dagger.
You sock the orc! You freeze the orc.
You kill the orc!
The orc moves out of view.
The gnoll barely misses you.
There is a stone staircase leading up here.
The orc hits you with a +0 hand axe. The gnoll barely misses you. x2
You climb upwards.
There is a stone staircase leading down here.
You don't know any spells.
You hit the gnoll.
The gnoll is moderately wounded.
The gnoll blinks!
The orc hits you but does no damage.
You bludgeon the orc!! You freeze the orc.
You kill the orc!
The gnoll completely misses you.
You hit the gnoll.
The gnoll changes into a glowing shapeshifter!
Xom roars with laughter!
You headbutt the glowing shapeshifter. You tail-slap the glowing shapeshifter.
The glowing shapeshifter is lightly wounded.
The glowing shapeshifter changes into an alligator!
You closely miss the alligator.
The alligator changes into an ettin!
You sock the ettin! You freeze the ettin. You headbutt the ettin.
The ettin is moderately wounded.
You have got your breath back.
The ettin hits you! The ettin barely misses you.
You thump the ettin!
Space bends around the ettin!
You headbutt the ettin.
The ettin is severely wounded.
The ettin hits you. The ettin closely misses you.
You hit the ettin. You freeze the ettin.
You headbutt the ettin, but do no damage.
The ettin is severely wounded.
The ettin changes into a great orb of eyes!
You hit the great orb of eyes but do no damage.
The great orb of eyes changes into a spark wasp!
You hit the spark wasp.
The spark wasp seems to slow down.
The spark wasp is lightly wounded.
The spark wasp is no longer moving slowly.
You closely miss the spark wasp.
The spark wasp is lightly wounded.
The spark wasp changes into a wolf spider!
You hit the wolf spider.
You feel better.
The wolf spider is lightly wounded.
The wolf spider hits you!!
A shower of butterflies erupts from you!
The wolf spider bites you!
You are too injured to fight recklessly!
You are too injured to fight recklessly!
You are too injured to fight recklessly!
You are too injured to fight recklessly!
You are too injured to fight recklessly!
You are too injured to fight recklessly!
The wolf spider closely misses your butterfly.
The wolf spider bites your butterfly.
Your butterfly dies!
Abil: Breathe Frost
Press: ? - help, Q - select action, (/) - cycle Shift-Dir - straight line, f - wolf spider
Aim: a wolf spider shaped shifter (lightly wounded, ally target)
You exhale a wave of freezing cold.
The freezing breath hits the wolf spider!
The wolf spider is lightly wounded.
The wolf spider is blown backwards by the freezing wind.
Aiming: Charm
Press: ? - help, Shift-Dir - straight line, f/p - wolf spider
Aim: a wolf spider shaped shifter (lightly wounded, ally target, chance to affect: 62%)
You feel a surge of power!
The wolf spider resists with significant effort.
The wolf spider hits you!
* * * LOW HITPOINT WARNING * * *
The wolf spider bites you!
You die...
Xom bursts into laughter!

#####
#######+###.#.........##..
#.....# #.#......##.####
#.##### #.#......##.###. #.#
#.####'#.##..... #.###
#.##)(.#########
####...#####.##(#...#
#....#.##.)...[[#.#.#######
##+##...##>..###............
#.......b.s@.###.#..########
#................#..#
#...................#
#..........##....##.#
#....>..b..##.......#
#..........##...#####
#.........###...#
#.........# #####
###########


You could see a wolf spider shaped shifter (ally target).

Vanquished Creatures
  Grinder (D:3)
  2 scorpions
  A howler monkey (D:4)
  A jelly (D:3)
  Crazy Yiuf (D:3)
  2 orc priests
  An orc wizard (D:4)
  7 gnolls
  5 adders
  A shadow imp (D:4)
  An ufetubus (D:5)
  An adder skeleton (D:4)
  A worm (D:2)
  3 dart slugs
  11 orcs
  6 endoplasms
  3 giant cockroaches
  3 goblins
  7 hobgoblins
  7 jackals
  9 kobolds
  2 quokkas (D:2)
  4 ball pythons
  4 bats
  6 frilled lizards
  2 rats (D:2)
  A spectral goblin (D:3)
93 creatures vanquished.

Vanquished Creatures (collateral kills)
  A shadow imp (D:4)
  2 bats (D:2)
3 creatures vanquished.

Vanquished Creatures (others)
  2 gnolls (D:3)
2 creatures vanquished.

Grand Total: 98 creatures vanquished

Notes
Turn   | Place    | Note
-------+----------+-------------------------------------------
     0 | D:1      | SkeletonJelly the Draconian Artificer began the quest for
                  | the Orb.
     0 | D:1      | Reached XP level 1. HP: 16/16 MP: 1/1
    76 | D:1      | Reached skill level 2 in Fighting
   109 | D:1      | Reached XP level 2. HP: 6/25 MP: 2/2
   458 | D:1      | Reached skill level 3 in Fighting
   932 | D:2      | Reached XP level 3. HP: 27/31 MP: 3/3
  1382 | D:2      | Reached skill level 4 in Fighting
  1458 | D:2      | Found a shimmering altar of Xom.
  1734 | D:3      | Found a faded altar of an unknown god.
  1797 | D:3      | Reached XP level 4. HP: 39/41 MP: 4/4
  1956 | D:3      | Reached skill level 5 in Fighting
  2195 | D:3      | Noticed Grinder
  2204 | D:3      | Reached XP level 5. HP: 24/48 MP: 5/5
  2206 | D:3      | Killed Grinder
  2207 | D:3      | Reached skill level 7 in Fighting
  2207 | D:3      | Reached XP level 6. HP: 31/60 MP: 6/6
  2727 | D:3      | Found a runed translucent door.
  2728 | D:3      | Noticed Crazy Yiuf
  2789 | D:3      | Killed Crazy Yiuf
  3018 | D:2      | Became a worshipper of Xom the Less-Predictable
  3141 | D:4      | XOM: silly message
  3215 | D:4      | Found a transporter.
  3246 | D:4      | Found a transporter.
  3278 | D:4      | Reached skill level 1 in Staves
  3296 | D:4      | XOM: give mutations
  3296 | D:4      | Gained mutation: Your magical capacity is low. (-10% MP)
                  | [Xom's mischief]
  3296 | D:4      | Gained mutation: You are clumsy. (Dex -2) [Xom's mischief]
  3322 | D:4      | XOM: god gift: 17 stones
  3370 | D:4      | XOM: give mutation
  3370 | D:4      | Gained mutation: Your mind is acute. (Int +2) [Xom's grace]
  3652 | D:4      | Your scales start taking on an icy white colour.
  3652 | D:4      | Reached XP level 7. HP: 47/66 MP: 6/6
  3652 | D:4      | Gained mutation: Your flesh is cold resistant. (rC+) [White
                  | Draconian growth]
  3655 | D:4      | XOM: confusion (+ monsters)
  3775 | D:4      | XOM: give mutations
  3775 | D:4      | Gained mutation: Your system is resistant to poisons.
                  | (rPois) [Xom's grace]
  3775 | D:4      | Gained mutation: You expend magic power (3 MP) to
                  | strengthen your wands. [Xom's grace]
  3775 | D:4      | Gained mutation: You evolve. [Xom's grace]
  3784 | D:4      | Gained mutation: You have a pair of small horns on your
                  | head. [evolution]
  3815 | D:4      | XOM: give mutations
  3815 | D:4      | Gained mutation: Your spells are a little harder to cast,
                  | but a little more powerful. [Xom's grace]
  3815 | D:4      | Gained mutation: Your muscles are strong. (Str +2) [Xom's
                  | grace]
  4186 | D:4      | XOM: enchant monster (good)
  4259 | D:5      | Entered Level 5 of the Dungeon
  4279 | D:4      | Noticed a glowing shapeshifter
  4279 | D:4      | a gnoll changed into a glowing shapeshifter
  4279 | D:4      | Noticed an alligator
  4279 | D:4      | a glowing shapeshifter changed into an alligator
  4280 | D:4      | Noticed an ettin
  4280 | D:4      | an alligator changed into an ettin
  4283 | D:4      | Noticed a great orb of eyes
  4283 | D:4      | an ettin changed into a great orb of eyes
  4284 | D:4      | Noticed a spark wasp
  4284 | D:4      | a great orb of eyes changed into a spark wasp
  4286 | D:4      | Noticed a wolf spider
  4286 | D:4      | a spark wasp changed into a wolf spider
  4287 | D:4      | XOM: butterfly on damage
  4291 | D:4      | Slain by a wolf spider (glowing shapeshifter)

Illustrated notes

Levels and vault maps discovered:
D:1:      lemuel_arrival_room, layout_rooms, amcnicky_mini_pool_small
D:2:      layout_basic, basic_altar
D:3:      kennysheep_big_flooded_room, layout_rooms,
          dreamdust_ecumenical_altar_drowned_temple, grunt_decor_junction,
          uniq_crazy_yiuf_cottage, uniq_grinder
D:4:      gammafunk_wand_slinger, layout_basic, hangedman_minor_gate_pass
D:5:      layout_rooms, mainiacjoe_overflow_surrounded_room,
          minmay_temple_entry_grid

Skill      XL: |  1  2  3  4  5  6  7 |
---------------+----------------------+-----
Fighting       | 2 3 4 5 7 |  7.5
Staves         | 2 4 |  4.3
Dodging        | |  2.1
Stealth        | |  0.8
Evocations     | |  3.0

Action                   |  1- 3 |  4- 6 |  7- 9 || total
-------------------------+-------+-------+-------++-------
Melee: Club              |   139 |    41 |       ||   180
       Tailslap          |    11 |    13 |     5 ||    29
       Quarterstaff      |       |    53 |    32 ||    85
       Dagger            |       |    18 |       ||    18
       Headbutt          |       |       |     6 ||     6
Throw: Dart              |    41 |     9 |       ||    50
 Abil: Breathe Frost     |       |       |     5 ||     5
Evoke: Wand              |    19 |     7 |     3 ||    29
       Piece from Xom's  |     2 |     7 |     2 ||    11
 Stab: Petrified         |       |     2 |       ||     2
       Sleeping          |       |     1 |       ||     1
Armor: Skin              |    61 |    53 |     9 ||   123
Dodge: Dodged            |   145 |    98 |    19 ||   262
